Map: King's Cove LE

Players

WindigoBly (Bly)

  • Race: Zerg Zerg
  • League: Grandmaster
  • Spawn Location: 11:00

llllllllllll (Stats) - Winner!

  • Race: Protoss Protoss
  • League: Master
  • Spawn Location: 5:00

Event: 2019 Assembly Summer

VOD

Have the link to the VOD?

Description

Time

  • Played on: Aug. 1, 2019, 10:17 a.m.
  • Length: 11:57

All games in this series

Show
View Real Time Build Order
Export as new Build Order

WindigoBly Zerg 

Build Orders: Pool First 

Get SALT Encoding   

  12  0:17  Spawning Pool  
  11  0:22  Drone  
  11  0:27  Drone  
  13  0:31  Drone  
  14  0:40  Overlord  
  14  1:04  Zergling x4  
  14  1:05  Zergling x2  
  17  1:16  Zergling x2  
  18  1:23  Hatchery  
  17  1:30  Zergling x2  
  18  1:38  Zergling x2  
  19  1:48  Drone  
  20  1:59  Drone  
  21  2:12  Hatchery  
  19  2:34  Drone x2  
  21  2:37  Zergling x2, Queen  
  21  2:38  Drone  
  21  2:41  Extractor  
  24  2:48  Drone, Zergling x2  
  23  2:59  Zergling x2  
  23  3:00  Drone  
  25  3:11  Zergling x2  
  25  3:13  Drone  
  26  3:23  Queen  
  26  3:24  Overlord  
  28  3:27  Zergling x2  
  27  3:37  Drone  
  27  3:40  Zergling x2  
  28  3:52  Metabolic Boost  
  28  3:53  Drone x2  
  28  3:54  Drone, Zergling x4  
  27  4:02  Overlord  
  27  4:11  Drone x2  
  29  4:25  Zergling x2  
  30  4:33  Drone x3  
  30  4:36  Hatchery  
  32  4:40  Baneling Nest  
  30  4:49  Zergling x6  
  30  4:50  Zergling x2  
  34  4:53  Zergling x2  
  34  4:58  Zergling x2  
  36  5:03  Zergling x2  
  36  5:04  Zergling x4  
  39  5:17  Drone x4  
  42  5:21  Drone  
  43  5:32  Overlord  
  43  5:38  Overlord x2  
  43  5:45  Overlord  
  43  5:47  Queen  
  45  5:51  Overlord  
  45  5:52  Drone x2  
  45  5:53  Drone  
  48  6:02  Drone x3  
  48  6:03  Queen  
  53  6:08  Baneling x7  
  53  6:16  Zergling x2  
  53  6:17  Zergling x8  
  58  6:20  Zergling x2  
  58  6:21  Zergling x2  
  60  6:26  Zergling x2  
  60  6:27  Zergling x2  
  60  6:35  Drone, Overlord  
  59  6:42  Lair  
  59  6:46  Drone x5  
  61  6:48  Drone  
  61  6:50  Drone  
  61  6:53  Roach Warren  
  62  6:59  Drone x4  
  66  7:13  Drone x2  
  66  7:14  Drone x2, Extractor  
  69  7:16  Extractor  
  69  7:19  Overlord  
  68  7:27  Spore Crawler  
  68  7:28  Spore Crawler  
  68  7:29  Spore Crawler  
  60  7:37  Spore Crawler  
  60  7:40  Overseer  
  58  7:46  Drone x14  
  70  7:55  Overseer  
  70  7:56  Overlord  
  66  8:11  Overlord  
  59  8:21  Zergling x20  
  59  8:26  Glial Reconstitution, Extractor  
  67  8:27  Extractor  
  67  8:32  Spire  
  65  8:35  Drone x3  
  68  8:47  Roach x3  
  74  8:53  Drone  
  74  8:54  Drone x2  
  77  8:57  Extractor  
  75  9:09  Drone x5  
  83  9:10  Drone x3  
  83  9:18  Spore Crawler  
  83  9:20  Hatchery  
  83  9:23  Overseer  
  81  9:30  Drone x2, Overlord  
  82  9:36  Overlord  
  82  9:44  Mutalisk  
  82  9:45  Mutalisk x6  
  94  10:02  Hatchery  
  93  10:08  Mutalisk x4  
  103  10:30  Roach x2  
  103  10:33  Roach x2  
  105  10:37  Ravager x3  
  106  10:45  Roach x5  
  106  10:52  Roach x2  
  92  11:00  Roach  
  67  11:08  Roach x2  
  67  11:14  Roach  
  67  11:18  Roach x3  
  73  11:21  Roach  
  65  11:27  Roach  
  58  11:37  Roach  
Show
View Real Time Build Order
Export as new Build Order

llllllllllll Protoss - Winner!

Build Orders:  

Get SALT Encoding   

  12  0:00  Probe  
  13  0:13  Probe  
  14  0:19  Pylon  
  14  0:25  Probe  
  15  0:33  Probe  
  15  0:41  Probe  
  16  0:43  Gateway  
  16  0:47  Assimilator  
  17  0:52  Probe  
  18  1:04  Probe  
  19  1:16  Probe  
  20  1:23  Zealot  
  20  1:27  Pylon  
  20  1:30  Probe  
  23  1:35  Cybernetics Core  
  23  1:38  Pylon  
  22  1:42  Probe  
  23  1:48  Zealot  
  25  1:54  Gateway  
  25  2:04  Gateway  
  25  2:11  Zealot  
  25  2:14  Shield Battery  
  27  2:26  Shield Battery  
  25  2:34  Pylon  
  24  2:39  Adept  
  24  2:41  Shield Battery  
  24  2:43  Shield Battery  
  23  2:55  Adept  
  24  3:06  Stalker  
  26  3:25  Probe  
  27  3:31  Stalker  
  29  3:42  Probe  
  30  3:54  Probe  
  31  3:57  Warp Gate  
  31  4:00  Assimilator  
  31  4:06  Probe  
  32  4:18  Probe  
  33  4:29  Robotics Facility  
  33  4:30  Probe  
  34  4:39  Adept x2  
  34  4:41  Pylon  
  34  4:42  Probe  
  39  4:59  Probe  
  40  5:07  Pylon  
  40  5:09  Observer  
  40  5:11  Probe  
  38  5:25  Probe  
  39  5:28  Warp Prism  
  39  5:31  Twilight Council  
  41  5:51  Nexus  
  41  5:56  Probe  
  42  6:08  Probe, Dark Shrine  
  43  6:17  Sentry x2  
  43  6:18  Pylon  
  47  6:20  Probe  
  44  6:33  Probe  
  44  6:39  Pylon  
  45  6:46  Probe  
  46  6:50  Pylon  
  46  6:55  Gateway  
  46  6:56  Probe  
  46  6:59  Probe  
  47  7:04  Probe  
  47  7:07  Probe  
  49  7:13  Probe  
  50  7:17  Probe  
  50  7:20  Dark Templar x2  
  56  7:23  Pylon  
  56  7:25  Probe  
  56  7:29  Probe  
  56  7:37  Probe  
  56  7:42  Probe  
  58  7:49  Probe  
  59  7:54  Probe  
  59  7:56  Dark Templar x2  
  59  7:57  Adept  
  64  8:01  Probe  
  64  8:05  Assimilator x2  
  63  8:06  Probe  
  63  8:07  Warp Prism  
  63  8:09  Pylon, Charge  
  64  8:13  Probe  
  61  8:23  Probe  
  61  8:25  Probe  
  59  8:28  Gateway x2  
  59  8:30  Gateway  
  59  8:36  Zealot x3  
  65  8:46  Pylon  
  65  8:48  Pylon  
  65  8:51  Pylon  
  65  8:59  Nexus, Zealot  
  65  9:02  Dark Templar  
  69  9:03  Dark Templar  
  69  9:08  Pylon  
  71  9:10  Archon  
  71  9:24  Probe  
  71  9:25  Probe  
  73  9:32  Dark Templar x4  
  73  9:37  Zealot x2  
  85  9:53  Stargate  
  81  10:08  Stargate  
  81  10:09  Forge  
  81  10:10  Archon  
  81  10:12  Archon  
  81  10:13  Zealot x4  
  89  10:16  Probe x3  
  92  10:21  Stalker x2  
  96  10:29  Phoenix  
  96  10:33  Stalker x2  
  96  10:34  Stalker  
  102  10:46  Phoenix  
  102  10:47  Phoenix  
  88  11:03  Stalker x3  
  82  11:09  Pylon  
  78  11:12  Probe  
  78  11:13  Probe x2  
  78  11:18  Phoenix  
  81  11:20  Phoenix  
  79  11:33  Probe x3  
  76  11:57  Shield Battery  
Tags
 
Add a new tag
Caveats
  • Supply blocks, unpowered buildings, or Contaminate may cause inaccurate times.
  • Supply counts are checked every 10 seconds.